 Dungeon Crawl Stone Soup version 0.32-a0-909-gc671339a80 (webtiles) character file.

Game seed: 305830089499407553

13045 croobank the Covert (level 11, -31/58 HPs)
             Began as a Felid Delver on Apr 6, 2024.
             Was a Priest of Kikubaaqudgha.
             Killed by an exploding scorpion (41 damage)
             ... ignited by their inner flame
             ... on level 2 of the Lair of Beasts.
             The game lasted 01:04:52 (15385 turns).

croobank the Covert (Felid Delver)                 Turns: 15385, Time: 01:04:52

Health: -31/58     AC:  2    Str:  8    XL:     11   Next: 70%
Magic:  7/21       EV: 23    Int: 23    God:    Kikubaaqudgha [***...]
Gold:   294        SH:  0    Dex: 19    Spells: 9/22 levels left
                                        Lives:  0   Deaths: 2

rFire   . .          .
                       - Unarmed
rCold   . . .        (shield unavailable)
rNeg    . . .        (body armour unavailable)
rPois   +            (helmet unavailable)
rElec   .            (cloak unavailable)
rCorr   .            (gloves unavailable)
SInv    +            (boots unavailable)
Will    +....        (no amulet)
Stlth   +++++        A - ring of poison resistance
HPRegen 0.29/turn    C - +6 ring of intelligence
MPRegen 0.17/turn

%: no passive effects
@: lethally poisoned (-31 -> -32), slowed, very slow
A: very small, claws 1, fangs 3, see invisible, shaggy fur 2, stealthy paws, no
weapons or thrown items, no armour, multi-lived
a: Renounce Religion, Unearth Wretches


You were on level 2 of the Lair of Beasts.
You worshipped Kikubaaqudgha.
Kikubaaqudgha was most pleased with you.
You visited 3 branches of the dungeon, and saw 14 of its levels.

You collected 632 gold pieces.
You spent 338 gold pieces at shops.

Inventory:

Jewellery
 c - a +5 ring of evasion
 f - an amulet of guardian spirit
 m - an amulet of the acrobat
 x - a ring of willpower
 A - a ring of poison resistance (left paw)
 C - a +6 ring of intelligence (right paw)
Talismans
 n - a flux talisman
Wands
 w - a wand of polymorph (1)
 y - a wand of flame (24)
Scrolls
 a - a scroll of fog
 b - 2 scrolls of identify
 g - 2 scrolls of amnesia
 k - 2 scrolls of revelation
 u - 6 scrolls of noise
Potions
 j - 3 potions of mutation
 t - a potion of attraction


   Skills:
 + Level 7.5 Fighting
 + Level 9.5 Dodging
 - Level 10.6 Stealth
 + Level 7.1 Unarmed Combat
 + Level 6.3 Spellcasting
 - Level 5.0 Conjurations
 + Level 3.2 Hexes
 + Level 4.1 Necromancy
 - Level 5.0 Translocations
 - Level 5.0 Air Magic
 - Level 5.0 Alchemy


You had 9 spell levels left.
You knew the following spells:

 Your Spells              Type           Power      Damage    Failure   Level
A - Animate Dead          Necr           26%        N/A       14%         4
B - Blink                 Tloc           60%        N/A       1%          2
M - Mephitic Cloud        Conj/Alch/Air  30%        N/A       3%          3
N - Anguish               Hex/Necr       12%        N/A       19%         4

Your spell library contained the following spells:

 Spells                   Type           Power      Damage    Failure   Level
 Cigotuvi's Dreadful Rot  Necr/Alch/Air  58%        N/A       1%          2
 Lesser Beckoning         Tloc           60%        N/A       1%          2
 Momentum Strike          Conj/Tloc      60%        3d9       1%          2
 Sublimation of Blood     Necr           26%        N/A       2%          2
 Maxwell's Portable Pile  Tloc           30%        2d(8-22)  3%          3
 Teleport Other           Tloc           30%        N/A       3%          3
 Dazzling Flash           Conj/Hex       52%        N/A       4%          3
 Fugue of the Fallen      Necr           26%        N/A       4%          3
 Vampiric Draining        Necr           26%        2d7       4%          3
 Ensorcelled Hibernation  Hex/Ice        28%        N/A       6%          2
 Call Imp                 Summ           14%        N/A       12%         2
 Leda's Liquefaction      Alch/Erth      9%         N/A       28%         4
 Petrify                  Alch/Erth      18%        N/A       28%         4
 Summon Lightning Spire   Summ/Air       18%        N/A       28%         4
 Martyr's Knell           Necr/Summ      16%        N/A       34%         4
 Curse of Agony           Necr           26%        N/A       38%         5
 Silence                  Hex/Air        13%        N/A       38%         5
 Borgnjor's Vile Clutch   Necr/Erth      8%         N/A       67%         5
 Metabolic Englaciation   Hex/Ice        7%         N/A       75%         5
 Lee's Rapid Deconstruct  Erth           3%         3d5*      92%         5
 Summon Hydra             Summ           3%         N/A       100%        7
 Animate Armour           Summ/Erth      Unusable   N/A       N/A         4

Dungeon Overview and Level Annotations

Branches:
Dungeon (11/15)            Temple (1/1) D:5            Lair (2/5) D:10
    Orc (0/2) D:10
  Swamp: Lair:2-3    Shoals: Lair:2-3     Snake: Lair:2-3    Spider: Lair:2-3

Altars:
Ashenzari
Cheibriados
Dithmenos
Elyvilon
Fedhas
Gozag
Hepliaklqana
Kikubaaqudgha
Makhleb
Nemelex Xobeh
Okawaru
Qazlal
Ru
Sif Muna
Trog
Uskayaw
Vehumet
Wu Jian
Xom
Yredelemnul
Zin
The Shining One

Shops:
D:1 (   D:5 *   D:6 *

Annotations:
Lair:1 1 transporter
Lair:2 Amaemon


Innate Abilities, Weirdness & Mutations

You have sharp claws.
You have razor-sharp teeth.
You have supernaturally acute eyesight. (SInv)
You are covered in thick fur. (AC +2)
Your paws help you pounce on unaware monsters.
You are incapable of wielding weapons or throwing items.
You cannot wear armour.
You gain extra lives every three experience levels.


Message History

The creatures around you are filled with an inner flame!
You feel very sick.
The scorpion disappears in a puff of smoke!
The scorpion completely misses you. The scorpion misses you.
The scorpion completely misses you. The scorpion stings you.
The scorpion completely misses you. The scorpion misses you.
The cane toad misses you.
Amaemon whines, "They said I was special.
Look at me now!"
You feel very sick. The scorpion attacks as it pursues you!
The scorpion closely misses you. The scorpion attacks as it pursues you!
The scorpion barely misses you.
Amaemon gestures wildly while chanting.
The scorpion misses you. x2; The scorpion stings you.
* * * LOW HITPOINT WARNING * * *
The scorpion completely misses you.
You feel sick.
The cane toad no longer looks unusually toxic.
The scorpion completely misses you. The scorpion stings you.
* * * LOW HITPOINT WARNING * * *
You resist. The scorpion completely misses you. The scorpion misses you.
The scorpion closely misses you. The scorpion completely misses you.
The scorpion stings you but does no damage.
You feel sick.
The scorpion disappears in a puff of smoke!
You claw the scorpion!
Flame seeps out of the scorpion.
The scorpion is heavily wounded.
You feel sick. The scorpion completely misses you. x2
The scorpion is engulfed in blazing flames.
The scorpion's corpse disappears in a puff of smoke!
The scorpion explodes!
The fiery explosion engulfs the komodo dragon zombie!!
Flame seeps out of the komodo dragon zombie.
The komodo dragon zombie is severely damaged.
The fiery explosion engulfs the cane toad!!
Flame seeps out of the cane toad.
The cane toad is almost dead.
The fiery explosion engulfs you!!!
Ouch! That really hurt!
You die...
Kikubaaqudgha rasps: You have failed me!
Welcome... death!

......... .......##
#...... #.....# ##
###..s..# ##.##
#....s.s#
~##.#####.....6s#
.~~~.#.#......Zs###
≈~≈~~.##......F○@.#
≈≈≈≈~....†.#..§s§....#
≈≈~~~~...###P#.#.##..#
~~.≈≈≈.~.# ####.#..
..# .>~≈≈~.P## .....
#.# ~.~~≈~~## ..#### .
≈≈≈≈~~..# .# ≈≈≈≈≈..#.
.. ≈≈~~.....


You could see Amaemon (inner flame), a cane toad (inner flame), 6 scorpions and
a komodo dragon zombie (hexed, inner flame).

Vanquished Creatures
  Erica (D:8)
  2 two-headed ogres
  A cyclops (D:11)
  Maurice (D:8)
  Joseph (D:7)
  2 cane toads (Lair:1)
  A kobold demonologist (D:9)
  2 trolls (D:9)
  4 blink frogs (Lair:1)
  Sigmund (D:7)
  A fire bat (D:10)
  6 wyverns
  Eustachio (D:4)
  2 steam dragons
  An acid dragon (D:11)
  5 water moccasins
  3 orc warriors
  2 sky beasts
  2 ogres
  2 black bears
  10 wolves
  2 ice beasts
  4 centaurs
  2 phantoms (D:5)
  A kobold brigand (D:10)
  Blork the orc (D:4)
  7 bullfrogs
  A wyvern zombie (D:10)
  5 wights (D:5)
  8 killer bees
  4 howler monkeys
  3 gnoll boudas
  4 hounds
  2 orc priests (D:9)
  Ijyb (D:4)
  An iguana (D:6)
  2 sleepcaps (D:5)
  6 orc wizards
  Robin (D:4)
  16 gnolls
  7 adders
  2 shadow imps
  2 white imps (D:6)
  2 ufetubi (D:6)
  6 dart slugs
  4 ribbon worms
  25 orcs
  7 ball pythons
  3 bats
  9 endoplasms
  2 giant cockroaches
  16 goblins
  12 hobgoblins
  7 frilled lizards
  10 kobolds
  An orc zombie (D:11)
  2 rats
239 creatures vanquished.

Vanquished Creatures (collateral kills)
  An orange demon (Lair:2)
  A shadow (D:11)
  3 vampire mosquitoes (D:9)
  4 wolves
  An orc wizard (D:11)
  A gnoll (D:7)
  2 white imps
  5 orcs
  2 hobgoblins (D:7)
20 creatures vanquished.

Vanquished Creatures (others)
  2 komodo dragons
  A blink frog (Lair:1)
  A yak (Lair:2)
  2 water moccasins (Lair:1)
  A blink frog zombie (Lair:1)
  A wolf (Lair:1)
  A komodo dragon zombie (Lair:1)
  3 bullfrogs (Lair:2)
  A cyclops zombie (D:11)
  2 water moccasin zombies
  A yak zombie (Lair:2)
  5 wolf zombies
  A bullfrog zombie (Lair:2)
  An acid dragon zombie (D:11)
  An orc zombie (D:11)
24 creatures vanquished.

Grand Total: 283 creatures vanquished

Notes
Turn   | Place    | Note
-------+----------+-------------------------------------------
     0 | D:5      | croobank the Felid Delver began the quest for the Orb.
     0 | D:5      | Reached XP level 1. HP: 12/12 MP: 2/2
     6 | D:6      | Noticed a bullfrog
    10 | D:6      | Killed a bullfrog
    11 | D:6      | Reached skill level 7 in Stealth
    11 | D:6      | Reached XP level 2. HP: 16/16 MP: 3/3
    11 | D:6      | Reached XP level 3. HP: 20/20 MP: 4/4
    41 | D:5      | Noticed an ogre
    78 | D:4      | Reached XP level 4. HP: 24/24 MP: 5/5
    78 | D:4      | Gained a life (2 lives remaining)
    86 | D:4      | Noticed a black bear
   507 | D:3      | Noticed a water moccasin
   515 | D:3      | Killed a water moccasin
   516 | D:3      | Reached XP level 5. HP: 29/29 MP: 6/6
   776 | D:1      | Found Woush's Weapon Shoppe.
  2536 | D:3      | Gained mutation: You are covered in thick fur. (AC +2)
                  | [Felid growth]
  2536 | D:3      | Reached XP level 6. HP: 6/33 MP: 7/7
  3069 | D:3      | Reached skill level 5 in Dodging
  3069 | D:3      | Reached skill level 8 in Stealth
  3365 | D:4      | Noticed Robin
  3960 | D:4      | Killed Robin
  4197 | D:4      | Noticed Ijyb
  4206 | D:4      | Killed Ijyb
  4208 | D:4      | Noticed Blork the orc
  4210 | D:4      | Reached XP level 7. HP: 30/38 MP: 8/8
  4214 | D:4      | Killed Blork the orc
  4378 | D:4      | Noticed Eustachio
  4415 | D:4      | Killed Eustachio
  4416 | D:4      | Reached skill level 5 in Fighting
  4747 | D:5      | Bought a book of Spatial Translocations for 234 gold pieces
  4750 | D:5      | Learned a level 2 spell: Blink
  4784 | D:5      | Reached skill level 1 in Translocations
  5221 | D:5      | Reached skill level 9 in Stealth
  5221 | D:5      | Reached skill level 1 in Spellcasting
  5253 | D:5      | Found a broken altar of Ashenzari.
  5396 | D:5      | Reached XP level 8. HP: 43/43 MP: 11/11
  5714 | D:5      | Found a staircase to the Ecumenical Temple.
  5723 | Temple   | Entered the Ecumenical Temple
  5957 | D:6      | Found a bloodstained altar of Trog.
  5958 | D:6      | Found an ancient bone altar of Kikubaaqudgha.
  5960 | D:6      | Found a hazy altar of Hepliaklqana.
  5962 | D:6      | Found a hide-covered altar of Uskayaw.
  5962 | D:6      | Found a burning altar of Makhleb.
  5962 | D:6      | Found a sacrificial altar of Ru.
  5964 | D:6      | Found an opulent altar of Gozag.
  5964 | D:6      | Found a shimmering altar of Xom.
  5964 | D:6      | Found a radiant altar of Vehumet.
  5968 | D:6      | Became a worshipper of Kikubaaqudgha
  6075 | D:6      | HP: 1/43 [ice beast (7)]
  6364 | D:6      | Reached skill level 5 in Unarmed Combat
  7129 | D:6      | Reached skill level 5 in Translocations
  7213 | D:6      | Found Namiasy's General Store.
  7221 | D:6      | Bought a scroll of summoning for 104 gold pieces
  8636 | D:7      | Reached skill level 10 in Stealth
  8636 | D:7      | Reached XP level 9. HP: 48/48 MP: 15/15
  9183 | D:7      | Noticed Joseph
  9703 | D:6      | Learned a level 3 spell: Mephitic Cloud
  9857 | D:7      | Killed Joseph
  9858 | D:7      | Reached skill level 1 in Necromancy
  9889 | D:6      | Reached skill level 1 in Alchemy
 10310 | D:7      | Reached skill level 1 in Conjurations
 10310 | D:7      | Reached skill level 1 in Air Magic
 10501 | D:7      | Noticed Sigmund
 10507 | D:7      | Reached * piety under Kikubaaqudgha
 10507 | D:7      | Received a gift from Kikubaaqudgha
 10517 | D:7      | Killed Sigmund
 11080 | D:8      | Noticed a two-headed ogre
 11083 | D:8      | Noticed Erica
 11109 | D:8      | Reached skill level 5 in Spellcasting
 11109 | D:8      | Reached XP level 10. HP: 36/53 MP: 14/18
 11113 | D:8      | Killed Erica
 11113 | D:8      | Noticed Maurice
 11129 | D:8      | Killed Maurice
 11231 | D:8      | Learned a level 4 spell: Animate Dead
 11397 | D:8      | Found a snail-covered altar of Cheibriados.
 11673 | D:9      | Reached ** piety under Kikubaaqudgha
 12471 | D:10     | Entered Level 10 of the Dungeon
 13203 | D:10     | Noticed a two-headed ogre
 13218 | D:10     | Killed a two-headed ogre
 13219 | D:10     | Reached XP level 11. HP: 37/58 MP: 12/20
 13402 | D:10     | Found a shadowy altar of Dithmenos.
 13443 | D:10     | Found a staircase to the Lair.
 13538 | D:10     | Learned a level 4 spell: Anguish
 13601 | D:10     | Found a staircase to the Orcish Mines.
 14072 | D:11     | Noticed a purple ugly thing
 14100 | D:11     | Reached *** piety under Kikubaaqudgha
 14100 | D:11     | Received a gift from Kikubaaqudgha
 14101 | D:11     | Reached skill level 1 in Hexes
 14496 | Lair:1   | Entered Level 1 of the Lair of Beasts
 14666 | Lair:1   | Mangled by a cane toad
 14666 | Lair:1   | Lost a life (1 life remaining)
 14669 | Lair:1   | Found a transporter.
 14810 | Lair:1   | Reached skill level 5 in Conjurations
 14810 | Lair:1   | Reached skill level 5 in Air Magic
 14810 | Lair:1   | Reached skill level 5 in Alchemy
 14881 | Lair:1   | Noticed a five-headed hydra
 14937 | Lair:2   | Slain by a wolf
 14937 | Lair:2   | Lost a life (0 lives remaining)
 15352 | Lair:2   | Noticed Amaemon
 15385 | Lair:2   | Killed by an exploding scorpion... ignited by their inner
                  | flame

Illustrated notes

Levels and vault maps discovered:
D:1:      dpeg_arrival_windows_large_door, layout_loops_ring, serial_shops, shop
D:2:      layout_loops_corners, wander_ebering_terrifying_dragon_lair
D:3:      layout_loops_ring, serial_glass, glass_columns_a, glass_columns_a,
          hangedman_decor_push
D:4:      layout_cave_pools, uniq_blork_the_orc, uniq_ijyb, uniq_robin,
          uniq_eustachio
D:5:      layout_loops_ring, nicolae_overflow_crystal_walls,
          minmay_temple_entry_fiery, nicolae_stop_n_shop_1
D:6:      layout_cave_pools, nicolae_overflows_in_rows, serial_shops,
          shop_statue
D:7:      layout_rooms, sigmund_army, uniq_joseph
D:8:      layout_rooms, kennysheep_slug_shrine, uniq_erica, uniq_maurice
D:9:      layout_roguey
D:10:     layout_loops_ring, mainiacjoe_overflow_alcove_4,
          minmay_lair_entry_grove, nicolae_elevator_lobby_plus
D:11:     layout_grid_maze, serial_shops, shop, hangedman_decor_diamond_cutter,
          uniq_gastronok
Temple:   hellmonk_temple_micro_hex
Lair:1:   layout_gridlike, gammafunk_ghost_arena
Lair:2:   layout_cave_pods, minmay_snake_entry_guardpost_medium,
          grunt_megastairs_2, infiniplex_staircase_pool_2, uniq_amaemon

Skill      XL: |  1  2  3  4  5  6  7  8  9 10 11 |
---------------+----------------------------------+-----
Dodging        | 3 4 5 6 7 8 9 |  9.5
Stealth        | 7 8 9 10 | 10.6
Fighting       | 4 5 6 7 |  7.5
Unarmed Combat | 3 4 5 6 7 |  7.1
Translocations | 2 5 |  5.0
Spellcasting   | 1 3 5 6 |  6.3
Necromancy     | 2 3 4 |  4.1
Alchemy        | 2 4 5 |  5.0
Conjurations   | 2 4 5 |  5.0
Air Magic      | 2 4 5 |  5.0
Hexes          | 3 |  3.2

Action                     |  1- 3 |  4- 6 |  7- 9 | 10-12 || total
---------------------------+-------+-------+-------+-------++-------
  Melee: Unarmed           |     2 |   232 |   369 |   272 ||   875
         Bite              |       |    22 |    45 |    48 ||   115
         Punch             |       |     4 |    17 |    14 ||    35
   Cast: Blink             |       |       |     5 |     6 ||    11
         Mephitic Cloud    |       |       |    14 |    45 ||    59
         Anguish           |       |       |       |    15 ||    15
         Animate Dead      |       |       |       |     8 ||     8
 Invoke: Unearth Wretches  |       |       |       |     2 ||     2
  Evoke: Wand              |       |     4 |    36 |    34 ||    74
    Use: Scroll            |       |     2 |    16 |    12 ||    30
         Potion            |       |     1 |     1 |    14 ||    16
   Stab: Sleeping          |     2 |    32 |     7 |     1 ||    42
         Confused          |       |       |    14 |    34 ||    48
         Distracted        |       |       |     1 |     1 ||     2
 Armour: Skin              |       |    74 |   143 |   143 ||   360
  Dodge: Dodged            |       |   188 |   461 |   567 ||  1216

Table legend: (Time is in decaauts)
 A = Elapsed time spent in this place.
 B = Non-inter-level travel time spent in this place.
 C = Inter-level travel time spent in this place.
 D = Time resting spent in this place.
 E = Time spent auto-exploring this place.
 F = Levels seen in this place.
 G = Mean time per level.
                   A        B        C        D        E       F      G
               +--------+--------+--------+--------+--------+-----+--------+
         Total |  15313 |  14886 |    427 |   6466 |   5218 |  14 | 1093.8 |
       Dungeon |  14302 |  13875 |    427 |   6001 |   5134 |  11 | 1300.2 |
        Temple |    131 |    131 |      0 |    100 |      0 |   1 |  131.0 |
          Lair |    879 |    879 |      0 |    364 |     84 |   2 |  439.5 |
               +--------+--------+--------+--------+--------+-----+--------+

Top non-repeatable levels by time:
     D:5: 2682 daAuts
     D:6: 2654 daAuts
     D:3: 1844 daAuts
    D:10: 1630 daAuts
     D:9: 1236 daAuts
     D:2: 1185 daAuts
     D:4: 935 daAuts
     D:7: 820 daAuts
     D:1: 674 daAuts
     D:8: 544 daAuts
  Lair:2: 482 daAuts
  Lair:1: 396 daAuts
  Temple: 131 daAuts
    D:11: 94 daAuts
